Map: [ESL] Gresvan

Players

Kelazhur - Winner!

  • Race: Terran Terran
  • Spawn Location: 11:00

MaSa

  • Race: Terran Terran
  • Spawn Location: 5:00

Event: ESL SC2 Masters 2023 Summer (Regionals)

VOD

Have the link to the VOD?

Description

Time

  • Played on: May 19, 2023, 3:44 p.m.
  • Length: 12:26

All games in this series

Show
View Real Time Build Order
Export as new Build Order

Kelazhur Terran - Winner!

Build Orders:  

Get SALT Encoding   

  12  0:00  SCV  
  13  0:12  SCV  
  14  0:17  Supply Depot  
  14  0:24  SCV  
  15  0:38  SCV  
  15  0:41  Barracks  
  15  0:42  Refinery  
  16  0:50  SCV  
  17  0:58  Barracks  
  17  1:02  SCV  
  18  1:08  Refinery  
  18  1:14  SCV  
  19  1:27  Reaper  
  19  1:29  Orbital Command  
  20  1:40  Supply Depot  
  20  1:45  Reaper  
  21  1:54  SCV  
  21  1:59  Reaper  
  23  2:06  Factory  
  23  2:07  SCV  
  24  2:17  Reaper  
  24  2:19  SCV  
  24  2:21  Supply Depot  
  26  2:31  SCV  
  26  2:32  Reaper  
  28  2:43  SCV  
  27  2:59  Reaper  
  27  3:01  SCV, Hellion  
  27  3:03  Command Center  
  31  3:07  Reaper  
  32  3:14  Starport  
  32  3:16  SCV  
  33  3:22  Factory Tech Lab  
  33  3:28  SCV  
  32  3:34  Marine  
  32  3:39  Marine  
  32  3:40  SCV, Cyclone  
  35  3:52  Marine  
  35  3:53  SCV  
  35  3:57  Marine  
  33  4:07  SCV  
  34  4:10  Marine  
  35  4:19  SCV  
  36  4:27  Cyclone  
  39  4:37  Medivac  
  39  4:38  Supply Depot, Barracks Tech Lab, Barracks Reactor  
  39  4:48  SCV  
  39  5:00  SCV  
  40  5:09  Marine  
  41  5:14  Stimpack  
  41  5:16  Orbital Command  
  41  5:17  SCV  
  41  5:21  Marine x2  
  42  5:22  Raven  
  42  5:27  Marine  
  47  5:29  Refinery  
  47  5:30  SCV, Factory Tech Lab  
  48  5:39  Marine x2  
  48  5:42  SCV x2  
  49  5:45  Marine  
  49  5:49  Cyclone  
  50  5:54  SCV x2  
  50  5:57  Marine x2  
  49  6:03  Marine  
  49  6:06  SCV  
  49  6:07  SCV  
  50  6:14  Marine  
  50  6:18  SCV, Marine  
  52  6:19  SCV  
  52  6:20  Marine  
  52  6:30  SCV  
  52  6:31  SCV  
  46  6:42  SCV, Banshee  
  46  6:43  SCV  
  52  6:54  SCV  
  52  6:55  SCV  
  49  7:06  SCV  
  49  7:07  SCV  
  50  7:08  Marine  
  50  7:10  Factory Tech Lab  
  45  7:18  SCV  
  45  7:19  SCV  
  39  7:29  Marine  
  39  7:30  SCV  
  39  7:31  SCV  
  38  7:37  Raven  
  38  7:43  SCV x2  
  39  7:44  Cyclone  
  39  7:47  Marine  
  42  7:55  SCV x2  
  41  8:05  Marine  
  42  8:07  SCV  
  42  8:08  SCV  
  42  8:11  Barracks  
  42  8:12  Barracks  
  44  8:19  SCV  
  45  8:20  SCV  
  45  8:23  Marine  
  45  8:24  Siege Tank  
  50  8:31  SCV  
  50  8:32  SCV  
  47  8:43  SCV, Combat Shield, Marine  
  47  8:44  SCV  
  47  8:55  SCV  
  48  8:56  SCV  
  48  9:00  Barracks Reactor x2  
  48  9:01  Marine  
  50  9:03  Refinery  
  50  9:04  Starport Reactor  
  50  9:07  SCV  
  50  9:08  SCV  
  52  9:17  Siege Tank  
  54  9:30  SCV x2  
  53  9:32  Marine  
  51  9:42  SCV x2, Marine  
  54  9:46  Supply Depot  
  54  9:47  Marine x3, Medivac x2  
  54  9:50  Engineering Bay, Marine  
  54  9:51  Engineering Bay  
  62  9:59  Supply Depot  
  62  10:03  SCV  
  62  10:04  SCV  
  61  10:07  Marine  
  61  10:08  Marine  
  61  10:09  Marine x3  
  64  10:15  SCV  
  64  10:17  SCV  
  64  10:19  Siege Tank  
  69  10:25  Marine  
  69  10:27  SCV  
  71  10:29  SCV  
  71  10:30  Marine x2  
  74  10:39  SCV  
  74  10:41  SCV  
  75  10:45  Marine x2  
  75  10:50  Supply Depot  
  75  10:51  Siege Tank  
  75  10:55  Supply Depot  
  78  11:09  Command Center  
  78  11:11  SCV  
  78  11:12  SCV  
  78  11:18  Supply Depot  
  80  11:19  Marine x2  
  80  11:20  Marine x2  
  80  11:24  SCV  
  85  11:29  SCV  
  86  11:34  Supply Depot  
  86  11:36  SCV  
  86  11:41  Marine  
  86  11:42  Siege Tank, Marine x3  
  91  11:51  SCV  
  91  11:52  Marine  
  89  11:59  Marine x2  
  89  12:00  Marine x2  
  89  12:01  SCV  
  90  12:10  SCV  
Show
View Real Time Build Order
Export as new Build Order

MaSa Terran 

Build Orders: 1/1/1, Liberator Opening 

Get SALT Encoding   

  12  0:00  SCV  
  13  0:12  SCV  
  14  0:17  Supply Depot  
  14  0:24  SCV  
  15  0:38  SCV  
  15  0:40  Barracks  
  16  0:43  Refinery  
  16  0:51  Refinery  
  16  0:52  SCV  
  17  1:05  SCV  
  18  1:17  SCV  
  19  1:27  Barracks Reactor  
  19  1:29  Orbital Command  
  19  1:31  Supply Depot  
  19  1:43  Factory  
  19  1:55  SCV  
  20  2:03  Reaper x2  
  20  2:07  SCV  
  23  2:10  Supply Depot  
  23  2:19  SCV  
  24  2:27  Starport  
  24  2:30  Hellion  
  24  2:33  SCV  
  24  2:37  Reaper x2  
  29  2:45  SCV  
  29  2:51  Hellion  
  30  3:02  SCV  
  30  3:04  Liberator  
  34  3:11  Reaper  
  35  3:13  Hellion  
  35  3:15  SCV  
  38  3:21  Supply Depot  
  38  3:25  Reaper  
  39  3:33  SCV  
  38  3:37  Factory Tech Lab  
  36  3:53  Command Center  
  36  3:54  SCV  
  35  3:56  Starport Tech Lab  
  34  4:06  SCV  
  34  4:09  Cyclone  
  38  4:15  Cloaking Field  
  38  4:18  SCV  
  38  4:23  Marine x2  
  36  4:29  Banshee  
  36  4:30  SCV  
  40  4:41  Marine x2  
  40  4:42  SCV  
  43  4:49  Refinery  
  43  4:53  Siege Tank  
  43  4:54  SCV  
  47  5:03  Marine  
  47  5:04  Marine  
  47  5:06  Orbital Command  
  47  5:07  SCV  
  49  5:11  Banshee  
  51  5:21  SCV  
  52  5:24  Marine x2  
  54  5:31  SCV  
  54  5:33  SCV, Supply Depot  
  56  5:44  SCV  
  56  5:45  SCV  
  58  5:54  Banshee  
  58  5:56  SCV, Siege Tank  
  63  5:57  SCV  
  57  6:10  SCV x2  
  50  6:12  Marine x2  
  43  6:26  SCV  
  43  6:28  Siege Tank  
  41  6:42  Banshee  
  44  6:52  SCV, Marine  
  44  6:53  Marine  
  47  7:05  SCV x2  
  45  7:21  SCV, Marine x2  
  35  7:25  Banshee  
  36  7:33  SCV  
  34  7:40  Cyclone  
  37  7:45  SCV  
  37  7:46  SCV  
  36  7:51  Marine x2  
  36  7:58  SCV  
  39  7:59  SCV  
  39  8:03  Starport  
  38  8:10  SCV  
  38  8:11  SCV  
  38  8:12  Supply Depot  
  40  8:13  Refinery  
  40  8:14  Cyclone  
  40  8:17  Marine x2  
  42  8:22  SCV  
  42  8:24  SCV  
  42  8:26  Banshee  
  48  8:34  SCV  
  48  8:36  SCV  
  49  8:46  SCV  
  49  8:48  SCV  
  51  8:49  Siege Tank  
  54  8:57  Starport Reactor, Command Center  
  54  8:58  SCV  
  54  9:00  SCV  
  56  9:06  Marine x2  
  58  9:10  SCV, Banshee  
  62  9:20  SCV  
  62  9:23  Siege Tank  
  56  9:34  SCV  
  56  9:37  Marine x2  
  57  9:41  SCV  
  57  9:44  Viking  
  57  9:45  Barracks  
  57  9:46  Barracks  
  57  9:49  SCV, Viking  
  60  9:55  Marine x2  
  60  9:58  SCV  
  66  10:01  Siege Tank  
  66  10:03  SCV  
  70  10:12  Marine  
  72  10:14  SCV, Orbital Command  
  66  10:25  SCV, Viking x2  
  66  10:28  SCV, Marine  
  72  10:34  Barracks Tech Lab x2  
  73  10:35  Engineering Bay  
  73  10:36  Engineering Bay  
  73  10:37  SCV  
  74  10:44  Marine  
  74  10:45  SCV  
  74  10:46  SCV, Marine  
  74  10:49  Liberator, SCV  
  85  10:56  Combat Shield  
  85  10:57  SCV  
  85  10:58  SCV  
  85  10:59  Marine  
  85  11:00  Marine  
  90  11:09  Siege Tank  
  89  11:18  Command Center  
  89  11:21  Marine x3  
  89  11:23  Marine  
  93  11:28  Supply Depot  
  93  11:33  Supply Depot  
  93  11:34  SCV  
  93  11:38  Viking  
  75  11:53  Siege Tank  
  75  11:55  SCV  
  75  11:58  SCV  
  77  12:02  SCV  
  77  12:04  Marine x3  
  77  12:05  Marine  
  77  12:08  SCV  
Tags
 
Add a new tag
Caveats
  • Supply blocks, unpowered buildings, or Contaminate may cause inaccurate times.
  • Supply counts are checked every 10 seconds.